AoeStats
← Sir bacardi

Arabia

509682212Analyzed
2v2 RM · 6d ago on Sep 27, 2026· 48m 51s· 4 players
Game mode
Random Map
Map size
Medium (4 player)
Population
200
Speed
Normal
Resources
Standard
Victory
Conquest
Starting age
Dark Age
Ending age
Imperial Age
RankedLock teamsTeams togetherTeam positionsShared explorationLock speedFull tech treeHidden civsTurbo modeCheats
Victory
Defeat
🇷🇺 Lithuanians · Russia
1273
+13
🇷🇺 Danes · Russia
1221
+15
🇨🇱 Saracens · Chile
1332
-18
🇨🇱 Franks · Chile
1092
-10
Pollo_congelao
5:54 Loom
9:12 Feudal Age
11:33 Town Watch
11:39 Double-Bit Axe
15:43 Fletching
23:29 Castle Age
22:04 Padded Archer Armor
24:07 Bodkin Arrow
23:34 Crossbowman
25:35 Leather Archer Armor
29:17 Thumb Ring
36:33 Imperial Age
35:59 Scale Barding Armor
39:19 Husbandry
Sir bacardi
6:45 Loom
9:39 Feudal Age
10:25 Double-Bit Axe
16:59 Wheelbarrow
17:52 Town Watch
20:32 Castle Age
19:48 Scale Barding Armor
21:12 Gold Mining
21:34 Bow Saw
22:48 Husbandry
23:36 Chain Barding Armor
24:27 Forging
39:26 Imperial Age
37:42 Hand Cart
39:07 Gold Shaft Mining
40:35 Conscription
40:54 Plate Barding Armor
40:54 Cavalier
43:14 Paladin
44:56 Iron Casting
47:01 Blast Furnace
46:13 Chivalry
Vetrinus
6:06 Loom
9:18 Feudal Age
10:35 Double-Bit Axe
10:39 Horse Collar
18:41 Padded Archer Armor
22:53 Castle Age
21:06 Gold Mining
21:46 Fletching
22:39 Scale Barding Armor
23:32 Forging
22:57 Elite Skirmisher
24:40 Bloodlines
27:29 Leather Archer Armor
31:02 Bodkin Arrow
39:59 Chain Barding Armor
40:14 Iron Casting
42:37 Iron Casting
42:35 Heavy Plow
43:35 Stone Mining
45:17 Wheelbarrow
48:15 Sanctity
49:02 Bow Saw
Exilerise
8:27 Loom
9:22 Loom
11:07 Feudal Age
19:43 Castle Age
18:42 Double-Bit Axe
18:41 Horse Collar
23:06 Scale Mail Armor
30:17 Chain Mail Armor
30:12 Forging
36:41 Forging
49:33 Imperial Age
49:12 Iron Casting
Connection lost

Rejoining the realm…

Still unreachable

The connection could not be restored.

Session expired

The server has moved on; the page needs a fresh start.